 Dungeon Crawl Stone Soup version 0.31-a0-640-g39d97e502b (webtiles) character file.

Game seed: 14622658302412865628

492 qw the Shooter (level 7, -1/44 HPs)
             Began as a Gargoyle Hunter on Aug 27, 2023.
             Killed from afar by an acid dragon (27 damage)
             ... with a splash of acid
             ... on level 5 of the Dungeon.
             The game lasted 00:01:21 (2992 turns).

qw the Shooter (Gargoyle Hunter)                    Turns: 2992, Time: 00:01:21

Health: -1/44      AC: 11    Str: 15    XL:     7   Next: 14%
Magic:  0/16       EV: 11    Int:  9    God:
Gold:   204        SH:  0    Dex: 15    Spells: 6/6 levels left

rFire   . . .        Y - +1 shortbow
rCold   . . .        (shield currently unavailable)
rNeg    + . .        e - +0 ring mail
rPois   inf          (no helmet)
rElec   +            j - scarf {repulsion}
rCorr   .            (no gloves)
SInv    .            c - +0 pair of boots of Fun and Games {Rampage Drain Will+ MP+9}
Will    +....        m - amulet of guardian spirit
Stlth   +            (no ring)
HPRegen 0.27/turn    (no ring)
MPRegen 0.15/turn

%: repel missiles, guardian spirit, rampage
@: no status effects
A: sickness immunity, AC +4, negative energy resistance 1, electricity
resistance, torment resistance 1, petrification resistance
a: no special abilities


You were on level 5 of the Dungeon.
You visited 1 branch of the dungeon, and saw 5 of its levels.

You collected 204 gold pieces.


Innate Abilities, Weirdness & Mutations

You are immune to sickness and miasma.
Your stone body is resilient. (AC +4)
You are immune to poison.
You resist negative energy. (rN+)
You are resistant to electric shocks. (rElec)
You are resistant to unholy torment.
You are immune to petrification.


   Skills:
 - Level 4.8 Fighting
 + Level 7.1 Ranged Weapons
 - Level 1.3 Armour
 - Level 1.5 Dodging
 - Level 1.1 Stealth


You had 6 spell levels left.
You didn't know any spells.
Your spell library was empty.

Inventory:

Hand Weapons
 Y - a +1 shortbow (weapon)
Armour
 c - the +0 pair of boots of Fun and Games (worn) {Rampage Drain Will+ MP+9}
   (You found it on level 2 of the Dungeon)

   Will+:     It increases your willpower.
   MP+9:      It affects your magic capacity (+9).
   Drain:     It drains your maximum health when unequipped.
   Rampage:   It bestows one free step when moving towards enemies.
 e - a +0 ring mail (worn)
 j - a scarf of repulsion (worn)
Jewellery
 i - a ring of fire
 m - an amulet of guardian spirit (around neck)
Scrolls
 k - a scroll of identify
Potions
 d - 2 potions of enlightenment
 g - a potion of resistance {unknown}
 h - a potion of curing {unknown}
 l - a potion of haste

Dungeon Overview and Level Annotations

Branches:
Dungeon (5/15)
 Temple: D:4-7

Altars:
Vehumet


Message History

You drop a potion of lignification.
Done exploring.
What level of the Dungeon? (default 4, ? - help)
There is a stone staircase leading down here.
You climb downwards.
There is a stone staircase leading up here.
Waypoint 4 assigned to D:5.
An ogre comes into view. It is wielding a +0 giant spiked club.
You shoot an arrow. The ogre shouts!
The arrow hits the ogre.
The ogre is lightly wounded.
You shoot an arrow. The arrow hits the ogre!
The ogre is moderately wounded.
You shoot an arrow. The arrow barely misses the ogre.
You shoot an arrow. The arrow hits the ogre!
The ogre is heavily wounded.
You shoot an arrow. The arrow barely misses the ogre.
You shoot an arrow. The arrow hits the ogre.
The ogre is severely wounded.
You shoot an arrow. The arrow hits the ogre.
The ogre is severely wounded.
The ogre hits you with a +0 giant spiked club!
An acid dragon comes into view.
You shoot an arrow. The acid dragon roars!
The arrow hits the ogre.
The ogre is almost dead.
The ogre closely misses you.
You shoot an arrow. The arrow hits the ogre.
The ogre is almost dead.
The ogre hits you with a +0 giant spiked club!!
You shoot an arrow. The arrow barely misses the ogre.
The ogre barely misses you.
You shoot an arrow. The arrow hits the ogre.
You kill the ogre!
The acid dragon spits acid at you. The splash of acid hits you!!
Ouch! That really hurt!
You die...

## #.# . #.# #
#. #.#.#
#.##.####.#.##
......... .
#.###...#.#.#
.......<#.#.#
#.#####.....#
###@..# #)..#
#.#.# #.#..#
.D#.... ...
.... ... .....
#... ....


You could see an acid dragon (catching breath).

Vanquished Creatures
  Sigmund (D:4)
  A water moccasin (D:4)
  An ogre (D:5)
  Blork the orc (D:4)
  Ijyb (D:4)
  2 adders
  4 gnolls (D:4)
  A worm (D:4)
  A dart slug (D:2)
  4 orcs
  4 endoplasms
  6 giant cockroaches
  9 goblins
  5 hobgoblins
  4 jackals (D:1)
  4 kobolds
  5 quokkas
  4 ball pythons
  5 bats
  4 frilled lizards
  5 rats
72 creatures vanquished.

Notes
Turn   | Place    | Note
-------+----------+-------------------------------------------
     0 | D:1      | qw the Gargoyle Hunter began the quest for the Orb.
     0 | D:1      | Reached XP level 1. HP: 12/12 MP: 1/1
     0 | D:1      | 0 ||| qw: Version: 0.3-a-74-g0d5e918
     0 | D:1      | 0 ||| qw: Game counter: 67
     0 | D:1      | 0 ||| qw: Melee chars always use a shield: true
     0 | D:1      | 0 ||| qw: God list: Okawaru
     0 | D:1      | 0 ||| qw: Allow faded altars: false
     0 | D:1      | 0 ||| qw: Do Orc after clearing Dungeon:15 true
     0 | D:1      | 0 ||| qw: Do second Lair branch before Depths: true
     0 | D:1      | 0 ||| qw: Lair rune preference: random
     0 | D:1      | 0 ||| qw: Goals: Normal
     0 | D:1      | 0 ||| PLANNING D:1-11
   149 | D:1      | Reached XP level 2. HP: 17/17 MP: 2/2
   344 | D:1      | Reached XP level 3. HP: 20/21 MP: 3/3
   704 | D:1      | Reached skill level 5 in Ranged Weapons
   706 | D:1      | 706 ||| UPGRADING to +0 ring mail.
   716 | D:1      | 716 ||| DROPPING +0 leather armour.
   717 | D:1      | 717 ||| UPGRADING to scarf of repulsion.
   722 | D:1      | 722 ||| READING scroll labelled COIDOAXEATZ.
   723 | D:1      | 723 ||| READING scroll labelled MAXKOU AWYS.
   724 | D:1      | 724 ||| READING scroll labelled WOBOATO TONI.
   725 | D:1      | 725 ||| READING scroll labelled VEAL NUSEWE.
   728 | D:1      | 728 ||| DROPPING scroll of butterflies.
   765 | D:2      | Found a faded altar of an unknown god.
   876 | D:2      | Identified the +0 pair of boots of Fun and Games {Rampage
                  | Drain Will+ MP+9}
   918 | D:2      | Reached skill level 1 in Armour
  1414 | D:2      | 1414 ||| UPGRADING to +0 pair of boots.
  1419 | D:2      | 1419 ||| UPGRADING to +0 pair of boots of Fun and Games
                  | {Rampage Drain Will+ MP+9}.
  1429 | D:2      | 1429 ||| DROPPING +0 pair of boots.
  1499 | D:2      | 1499 ||| UPGRADING to amulet of guardian spirit.
  1504 | D:2      | 1504 ||| READING scroll labelled QEONOI EQYU.
  1505 | D:2      | 1505 ||| READING 4 scrolls labelled WYXTIM IX AKO.
  1506 | D:2      | 1506 ||| READING 3 scrolls of identify.
  1506 | D:2      | 1506 ||| IDENTIFYING glowing golden potion
  1507 | D:2      | 1507 ||| READING 2 scrolls of identify.
  1507 | D:2      | 1507 ||| IDENTIFYING green potion
  1508 | D:2      | 1508 ||| DROPPING potion of degeneration.
  1533 | D:3      | Reached XP level 4. HP: 27/27 MP: 4/4
  1541 | D:3      | Reached skill level 3 in Fighting
  1684 | D:3      | Found a radiant altar of Vehumet.
  2023 | D:3      | 2023 ||| READING scroll labelled RAESEJ CUNE.
  2024 | D:3      | 2024 ||| DRINKING 2 dark potions.
  2093 | D:4      | Noticed Blork the orc
  2106 | D:4      | Killed Blork the orc
  2107 | D:4      | Reached skill level 6 in Ranged Weapons
  2107 | D:4      | Reached XP level 5. HP: 31/32 MP: 5/5
  2197 | D:4      | Noticed Ijyb
  2212 | D:4      | Killed Ijyb
  2296 | D:4      | Noticed a water moccasin
  2299 | D:4      | 2299 ||| Stepping ~*~*~tactically~*~*~ (outnumbered).
  2301 | D:4      | 2301 ||| Stepping ~*~*~tactically~*~*~ (retreating).
  2315 | D:4      | Killed a water moccasin
  2316 | D:4      | Reached XP level 6. HP: 21/40 MP: 6/6
  2319 | D:4      | 2319 ||| FLEEEEING.
  2320 | D:4      | 2320 ||| FLEEEEING.
  2321 | D:4      | 2321 ||| FLEEEEING.
  2322 | D:4      | 2322 ||| FLEEEEING.
  2323 | D:4      | 2323 ||| FLEEEEING.
  2324 | D:4      | 2324 ||| FLEEEEING.
  2325 | D:4      | 2325 ||| FLEEEEING.
  2326 | D:4      | 2326 ||| FLEEEEING.
  2327 | D:4      | 2327 ||| FLEEEEING.
  2328 | D:4      | 2328 ||| FLEEEEING.
  2329 | D:4      | 2329 ||| FLEEEEING.
  2330 | D:4      | 2330 ||| FLEEEEING.
  2331 | D:4      | 2331 ||| FLEEEEING.
  2332 | D:4      | 2332 ||| FLEEEEING.
  2333 | D:4      | 2333 ||| FLEEEEING.
  2334 | D:4      | 2334 ||| FLEEEEING.
  2335 | D:4      | 2335 ||| FLEEEEING.
  2336 | D:4      | 2336 ||| FLEEEEING.
  2337 | D:4      | 2337 ||| FLEEEEING.
  2338 | D:4      | 2338 ||| FLEEEEING.
  2339 | D:4      | 2339 ||| FLEEEEING.
  2340 | D:4      | 2340 ||| FLEEEEING.
  2341 | D:4      | 2341 ||| FLEEEEING.
  2342 | D:4      | 2342 ||| FLEEEEING.
  2343 | D:4      | 2343 ||| FLEEEEING.
  2344 | D:4      | 2344 ||| FLEEEEING.
  2345 | D:4      | 2345 ||| FLEEEEING.
  2346 | D:4      | 2346 ||| FLEEEEING.
  2347 | D:4      | 2347 ||| FLEEEEING.
  2348 | D:4      | 2348 ||| FLEEEEING.
  2349 | D:4      | 2349 ||| FLEEEEING.
  2350 | D:4      | 2350 ||| FLEEEEING.
  2351 | D:4      | 2351 ||| FLEEEEING.
  2352 | D:4      | 2352 ||| FLEEEEING.
  2354 | D:4      | 2354 ||| FLEEEEING.
  2355 | D:4      | 2355 ||| FLEEEEING.
  2356 | D:4      | 2356 ||| FLEEEEING.
  2357 | D:4      | 2357 ||| FLEEEEING.
  2358 | D:4      | 2358 ||| FLEEEEING.
  2359 | D:4      | 2359 ||| FLEEEEING.
  2360 | D:4      | 2360 ||| FLEEEEING.
  2361 | D:4      | 2361 ||| FLEEEEING.
  2362 | D:4      | 2362 ||| FLEEEEING.
  2363 | D:4      | 2363 ||| FLEEEEING.
  2364 | D:4      | 2364 ||| FLEEEEING.
  2365 | D:4      | 2365 ||| FLEEEEING.
  2366 | D:4      | 2366 ||| FLEEEEING.
  2367 | D:4      | 2367 ||| FLEEEEING.
  2368 | D:4      | 2368 ||| FLEEEEING.
  2369 | D:4      | 2369 ||| FLEEEEING.
  2370 | D:4      | 2370 ||| FLEEEEING.
  2371 | D:4      | 2371 ||| FLEEEEING.
  2372 | D:4      | 2372 ||| FLEEEEING.
  2374 | D:4      | 2374 ||| FLEEEEING.
  2376 | D:4      | 2376 ||| FLEEEEING.
  2377 | D:4      | 2377 ||| FLEEEEING.
  2378 | D:4      | 2378 ||| FLEEEEING.
  2379 | D:4      | 2379 ||| FLEEEEING.
  2380 | D:4      | 2380 ||| FLEEEEING.
  2381 | D:4      | 2381 ||| FLEEEEING.
  2382 | D:4      | 2382 ||| FLEEEEING.
  2383 | D:4      | 2383 ||| FLEEEEING.
  2384 | D:4      | 2384 ||| FLEEEEING.
  2385 | D:4      | 2385 ||| FLEEEEING.
  2386 | D:4      | 2386 ||| FLEEEEING.
  2387 | D:4      | 2387 ||| STAIRDANCE
  2635 | D:4      | Noticed Sigmund
  2655 | D:4      | Killed Sigmund
  2656 | D:4      | Reached skill level 7 in Ranged Weapons
  2656 | D:4      | Reached XP level 7. HP: 37/44 MP: 7/7
  2950 | D:4      | 2950 ||| READING 3 scrolls of identify.
  2950 | D:4      | 2950 ||| IDENTIFYING fuming cyan potion
  2951 | D:4      | 2951 ||| READING 2 scrolls of identify.
  2951 | D:4      | 2951 ||| IDENTIFYING sedimented dark potion
  2952 | D:4      | 2952 ||| DROPPING potion of brilliance.
  2953 | D:4      | 2953 ||| DROPPING potion of lignification.
  2977 | D:5      | Entered Level 5 of the Dungeon
  2992 | D:5      | Killed from afar by an acid dragon

Levels and vault maps discovered:
D:1:      amcnicky_arrival_choice, layout_basic
D:2:      layout_loops_cross, chequers_ecumenical_altar_grove
D:3:      cheibrodos_helix_gallery, layout_rooms, vehumet_altar_wand_db,
          chequers_serial_rivers_large_b
D:4:      layout_loops_ring, uniq_ijyb, uniq_sigmund, uniq_blork_the_orc
D:5:      layout_basic, trog_three_pillars_becter

Skill      XL: |  1  2  3  4  5  6 |
---------------+-------------------+-----
Ranged Weapons | 5 6 7 |  7.1
Armour         | 1 |  1.3
Fighting       | 3 4 |  4.8
Dodging        | |  1.5
Stealth        | |  1.1

Action                     |  1- 3 |  4- 6 |  7- 9 || total
---------------------------+-------+-------+-------++-------
   Fire: Shortbow          |   122 |   132 |    11 ||   265
    Use: Scroll            |     8 |     1 |     2 ||    11
         Potion            |       |     1 |       ||     1
 Armour: Leather armour    |    18 |       |       ||    18
         Ring mail         |    12 |    32 |       ||    44
  Dodge: Dodged            |    30 |    31 |     2 ||    63
         Repelled          |       |     2 |       ||     2

Table legend:
 A = Non-vault XP
 B = Vault XP
 C = Vault XP percentage of total XP
 D = Non-vault monster count
 E = Vault monster count
 F = Vault count percentage of total count
                 A         B        C        D         E       F
            +---------+---------+-------+---------+---------+-------
      Total |     458 |     367 |  44.5 |      66 |       6 |   8.3
            +---------+---------+-------+---------+---------+-------
        D:1 |      40 |       0 |   0.0 |      23 |       0 |   0.0
        D:2 |      38 |       0 |   0.0 |      15 |       0 |   0.0
        D:3 |      42 |       5 |  10.6 |      15 |       3 |  16.7
        D:4 |     216 |     362 |  62.6 |      12 |       3 |  20.0
        D:5 |     122 |       0 |   0.0 |       1 |       0 |   0.0
            +---------+---------+-------+---------+---------+-------
